 Dungeon Crawl Stone Soup version 0.32-a0-913-g739538afd8 (webtiles) character file.

Game seed: 8533905414539198766

2515072 ragingrage the Grand Master (level 26, 283/283 HPs)
             Began as a Vampire Shapeshifter on Apr 10, 2024.
             Was the Champion of Ru.
             Escaped with the Orb
             ... and 4 runes!
             The game lasted 01:44:48 (60851 turns).

ragingrage the Grand Master (Vampire Shapeshifter) Turns: 60851, Time: 01:44:49

Health: 283/283    AC: 34    Str: 20      XL:     26   Next: 20%
Magic:  29/29      EV: 31    Int: 20      God:    Ru [******]
Gold:   1038       SH: 19    Dex: 16 (17) Spells: 15/33 levels left

rFire   + +          +
                       - Unarmed
rCold   + . .        X - +5 Storm Queen's Shield {shock, Fly rElec}
rNeg    + . .        j - melded +1 robe {Will+}
rPois   ∞            r - +2 hood of the Assassin {Detect Stab+ Stlth++}
rElec   +            D - +4 dragonskin cloak {Aegis}
rCorr   .            J - melded +2 pair of gloves
SInv    +            x - melded +2 pair of boots
Will    +....        n - amulet "Soenn" {^Fragile rPois rF+++ Regen+}
Stlth   +++          G - +5 ring of evasion
HPRegen 1.67/turn    V - ring "Vysmir Nynu" {rElec rC+ EV+5 Int+2}
MPRegen 0.21/turn

%: no passive effects
@: statue-form, flying, healing quickly, studying 3 skills, very slow
A: slow and powerful, torment resistance 1, boosted hp, alive, fangs 3, see
invisible, hated by all, cowardly, inability to train armour, no conjurations
magic, no earth magic, no alchemy magic, weak-willed 1, vampiric 2, hooves 1,
clever 1, deterioration 2, screaming 1, strong 1, subdued magic 1
0: Orb of Zot
}: 4/15 runes: barnacled, slimy, silver, gossamer
a: Exsanguinate, Begin Untransformation, Renounce Religion, Draw Out Power,
Power Leap, Apocalypse


You escaped.
You worshipped Ru.
Ru was exalted by your worship.
You were a living statue of rough stone.
You visited 11 branches of the dungeon, and saw 53 of its levels.
You also visited: Ice Cave.

You collected 5748 gold pieces.
You spent 4710 gold pieces at shops.

Inventory:

Missiles
 A - 12 curare-tipped darts
 I - 4 throwing nets
Armour
 d - the +18 shield of the Gong {Loud rN+ Will+ rCorr EV-5}
   (You found it on level 1 of the Vaults)

   Loud:      It is deafeningly noisy when blocking attacks.
   EV-5:      It affects your evasion (-5).
   rN+:       It protects you from negative energy.
   Will+:     It increases your willpower.
   rCorr:     It protects you from acid and corrosion.
 j - a +1 robe of willpower (melded)
 r - the +2 hood of the Assassin (worn) {Detect Stab+ Stlth++}
   (You bought it in a shop on level 2 of the Orcish Mines)

   Detect:    It allows the wearer to sense nearby creatures.
   Stab+:     It allows the wearer to make particularly effective stabbing
   attacks against helpless or unaware enemies with any weapon.
   Stlth++:   It makes you much more stealthy.
 x - a +2 pair of boots (melded)
 D - the +4 dragonskin cloak (worn) {Aegis}
   (You took it off Tiamat on level 3 of the Realm of Zot)

   Avatar's Aegis: It grants the wearer a chance to resist fire, cold, poison,
   electricity, acid, and negative energy.
 J - a +2 pair of gloves (melded)
 W - a +2 cloak of willpower
 X - the +5 Storm Queen's Shield (worn) {shock, Fly rElec}
   (You bought it in a shop on level 2 of the Orcish Mines)

   Shock:     When it blocks an attack, it may electrocute the attacker.
   This works even against foes who are a short distance away.
   rElec:     It insulates you from electricity.
   Fly:       It grants you flight.
Jewellery
 b - a ring of resist corrosion
 n - the amulet "Soenn" (around neck) {^Fragile rPois rF+++ Regen+}
   (You found it on level 5 of the Lair of Beasts)

   [amulet of regeneration]

   rF+++:     It renders you almost immune to fire.
   rPois:     It protects you from poison.
   Regen+:    It increases your rate of health regeneration.
   ^Fragile:  It will be destroyed if unequipped.
 G - a +5 ring of evasion (left fist)
 V - the ring "Vysmir Nynu" (right fist) {rElec rC+ EV+5 Int+2}
   (You found it on level 11 of the Dungeon)

   [ring of evasion]

   EV+5:      It affects your evasion (+5).
   Int+2:     It affects your intelligence (+2).
   rC+:       It protects you from cold.
   rElec:     It insulates you from electricity.
Wands
 a - a wand of flame (100)
 c - a wand of polymorph (28)
 m - a wand of warping (37)
 y - a wand of mindburst (31)
 C - a wand of digging (18)
 E - a wand of quicksilver (20)
 S - a wand of paralysis (43)
Scrolls
 e - 4 scrolls of noise
 f - 11 scrolls of blinking
 h - 2 scrolls of enchant armour
 l - 6 scrolls of poison
 p - 6 scrolls of fog
 v - 10 scrolls of silence
 w - 5 scrolls of revelation
 F - 8 scrolls of amnesia
 H - 2 scrolls of vulnerability
 K - 26 scrolls of teleportation
 O - 9 scrolls of fear
 U - 9 scrolls of immolation
 Y - 2 scrolls of torment
Potions
 g - 6 potions of attraction
 k - 5 potions of berserk rage
 o - 13 potions of curing
 q - 6 potions of ambrosia
 t - 4 potions of lignification
 u - 4 potions of invisibility
 z - 5 potions of resistance
 B - 10 potions of magic
 L - 5 potions of cancellation
 M - 2 potions of haste
 N - 9 potions of brilliance
 P - 12 potions of heal wounds
 Q - 8 potions of might
 R - 7 potions of enlightenment
 T - 11 potions of mutation
Miscellaneous
 i - a phial of floods
 s - a tin of tremorstones (2/2)
 Z - a lightning rod (4/4)


   Skills:
 - Level 20.0 Fighting
 - Level 2.0 Throwing
 + Level 18.8 Dodging
 + Level 17.8 Stealth
 - Level 18.0 Shields
 O Level 27 Unarmed Combat
 - Level 4.0 Spellcasting
 - Level 10.0 Necromancy
 - Level 10.0 Translocations
 - Level 8.0 Air Magic
 - Level 14.0 Evocations
 - Level 16.0 Shapeshifting


You had 15 spell levels left.
You knew the following spells:

 Your Spells              Type           Power      Damage    Failure   Level
a - Fugue of the Fallen   Necr           33%        N/A       1%          3
b - Blink                 Tloc           66%        N/A       1%          2
c - Vhi's Electric Charg  Tloc/Air       60%        N/A       3%          4
d - Lesser Beckoning      Tloc           66%        N/A       1%          2
e - Manifold Assault      Tloc           16%        N/A       92%         7

Your spell library contained the following spells:

 Spells                   Type           Power      Damage    Failure   Level
 Apportation              Tloc           66%        N/A       1%          1
 Necrotise                Necr           100%       1d9       1%          1
 Maxwell's Portable Pile  Tloc           33%        2d(8-23)  1%          3
 Swiftness                Air            27%        N/A       1%          3
 Vampiric Draining        Necr           33%        2d8       1%          3
 Dispel Undead            Necr           33%        3d14      2%          4
 Airstrike                Air            13%        2d(2-18)  5%          4
 Curse of Agony           Necr           33%        N/A       7%          5
 Freeze                   Ice            12%        1d3       16%         1
 Slow                     Hex            12%        N/A       16%         1
 Anguish                  Hex/Necr       9%         N/A       19%         4
 Dimensional Bullseye     Hex/Tloc       9%         N/A       19%         4
 Ensorcelled Hibernation  Hex/Ice        6%         N/A       22%         2
 Jinxbite                 Hex            6%         N/A       22%         2
 Confusing Touch          Hex            3%         N/A       43%         3
 Frozen Ramparts          Ice            6%         1d1       43%         3
 Inner Flame              Hex/Fire       3%         N/A       43%         3
 Ozocubu's Armour         Ice            3%         N/A       43%         3
 Sigil of Binding         Hex            3%         N/A       43%         3
 Silence                  Hex/Air        7%         N/A       63%         5
 Plasma Beam              Fire/Air       7%         2x1d18    99%         6
 Enfeeble                 Hex            1%         N/A       100%        7
 Discord                  Hex            1%         N/A       100%        8
 Disjunction              Tloc           16%        N/A       100%        8
 Ignition                 Fire           1%         3d3       100%        8
 Maxwell's Capacitive Co  Air            13%        ∞         100%        8
 Kiss of Death            Conj/Necr      Unusable   2d10      N/A         1
 Shock                    Conj/Air       Unusable   1d6       N/A         1
 Momentum Strike          Conj/Tloc      Unusable   3d9       N/A         2
 Foxfire                  Conj/Fire      Unusable   2x1d4     N/A         1
 Sandblast                Erth           Unusable   2d5       N/A         1
 Sting                    Conj/Alch      Unusable   1d3       N/A         1
 Summon Small Mammal      Summ           Unusable   N/A       N/A         1
 Mephitic Cloud           Conj/Alch/Air  Unusable   N/A       N/A         3
 Iskenderun's Mystic Bla Conj/Tloc Unusable       2d6        (+2d2     N/A         4
 Death Channel            Necr           Unusable   N/A       N/A         6
 Dazzling Flash           Conj/Hex       Unusable   N/A       N/A         3
 Hailstorm                Conj/Ice       Unusable   3d5       N/A         3
 Stone Arrow              Conj/Erth      Unusable   3d7       N/A         3
 Tukima's Dance           Hex            Unusable   N/A       N/A         3
 Arcjolt                  Conj/Air       Unusable   1d17      N/A         5
 Brom's Barrelling Bould  Conj/Erth      Unusable   2d3       N/A         4
 Irradiate                Conj/Alch      Unusable   3d12      N/A         5
 Yara's Violent Unravell  Hex/Alch       Unusable   3d3       N/A         5
 Conjure Ball Lightning   Conj/Air       Unusable   3x3d6     N/A         6
 Sculpt Simulacrum        Ice/Alch       Unusable   N/A       N/A         6
 Starburst                Conj/Fire      Unusable   6d3       N/A         6
 Malign Gateway           Summ/Tloc      Unusable   N/A       N/A         7
 Summon Horrible Things   Summ           Unusable   N/A       N/A         8

Dungeon Overview and Level Annotations

Branches:
Dungeon (15/15)            Temple (1/1) D:4            Lair (5/5) D:11
 Shoals (4/4) Lair:3       Spider (4/4) Lair:3        Slime (5/5) Lair:5
    Orc (2/2) D:9             Elf (3/3) Orc:2        Vaults (5/5) D:13
  Crypt (0/3) Vaults:3     Depths (4/4) D:15            Zot (5/5) Depths:4
  IceCv (visited)

Altars:
Ashenzari
Cheibriados
Dithmenos
Gozag
Kikubaaqudgha
Makhleb
Nemelex Xobeh
Okawaru
Qazlal
Ru
Sif Muna
Trog
Uskayaw
Vehumet
Wu Jian
Xom

Shops:
D:3 [   D:4 !   D:9 [   Orc:1 *   Orc:2 [(**?   Elf:2 ==:   Vaults:1 !
Vaults:5 !???(=!:

Portals:
Hell: Depths:1 Depths:2 Depths:4
Abyss: D:8 Depths:2
Pandemonium: Depths:1 Depths:2
Ziggurat: Depths:1

Annotations:
D:5 exclusion: downstairs
D:6 exclusion: 2 downstairs
D:7 exclusions: downstairs and upstairs
D:8 4 transporters, TwadoKnight's ghost, novice MiFi
D:15 1 runed translucent door, Iranwisias's ghost, journeyman KoHu
Lair:1 exclusion: oklob plant
Lair:5 1 runed translucent door, croobank's ghost, journeyman HuSu
Slime:4 exclusion: downstairs
Elf:1 exclusion: door
Elf:2 3 runed translucent doors
Vaults:3 2 transporters, Qeunemit's ghost, adept GrFi
Depths:2 3 runed translucent doors, Lokkir's ghost, veteran GnWn


Innate Abilities, Weirdness & Mutations

You are a living statue of rough stone.
Your actions are slow, but your melee attacks are powerful.
You are resistant to unholy torment.
Your maximum health is greatly increased.
Your equipment is partially melded.
Your natural rate of healing is accelerated.
You have razor-sharp teeth.
You have supernaturally acute eyesight. (SInv)
You are hated by all.
Your cowardice makes you less effective in combat with threatening foes.
You cannot train Armour skill.
You cannot study or cast Conjurations magic.
You cannot study or cast Earth magic.
You cannot study or cast Alchemy magic.
You are slightly weak-willed. (Will-)
You are afflicted with vampirism and can become a bat while bloodless.
You have large cloven feet.
Your mind is acute. (Int +4, Str/Dex -1)
Your body often deteriorates upon taking damage.
You occasionally shout uncontrollably at your foes.
Your muscles are strong. (Str +4, Int/Dex -1)
Your spells are a little easier to cast, but a little less powerful.


Message History

You completely miss the lich. You kick the lich, but do no damage.
You redirect the lich's attack!
The lich gestures wildly while chanting.
The lich seems to speed up.
You barely miss the lich. The lich misses you.
You pound the lich into fine dust!!!
You destroy the lich!
A hellwing comes into view.
You redirect the hellwing's attack!
The hellwing closely misses itself.
The hellwing misses itself.
You catch the helpless hellwing completely off-guard!
You pulverise the hellwing!!!!
You kill the hellwing!
A dart slug comes into view.
An angel comes into view. It is wielding a +1 whip of holy wrath.
Your extra speed is starting to run out.
You feel yourself slow down.
A shadow demon comes into view.
There is a stone staircase leading up here.
There are no items here.
You fly upwards.
There is a stone staircase leading down here.
(D) Dungeon (T) Temple (L) Lair (A) Shoals (N) Spider Nest (M) Slime Pits (O) Orcish Mines (E) Elven Halls (V) Vaults (C) Crypt (U) Depths (H) Hell (Z) Zot
Where to? (Tab/Enter - D:1 @ (x,y), ? - help)
What level of the Dungeon? (default 1, ? - help)
You feel yourself speed up.
There is a stone staircase leading up here.
You fly upwards.
There is a stone staircase leading down here.
There is a stone staircase leading up here.
You fly upwards.
There is a stone staircase leading down here.
There is an open door here.
There is a dry fountain here.
A lorocyproca comes into view.
There is a staircase leading out of the dungeon here.
You have escaped!

.#.#.....# #+#########...~~..
.#.##.##.# #.# #...~~.#
.#[##.##.# #.# #...~..#
.......#.# #.# #......#
.#.##..#.# ##.## #....÷.#
.#.##..#.# ##...## #....#.#
.........# ##..⌠..## #....#.#
........#####...(...######....#..
........+2....⌠.I.⌠.....+.....###
........#####.......#####.....# #
........# ##..⌠..## ##....# #
÷.......# ##...## #....# #
........# ##.## ########
##÷####.# #.# ##. #.# #.## #.#
##### ##.. #.# #..### #.#
#...###..# #.# ###...#####'#
#.........


You could see a lorocyproca (invisible).

Vanquished Creatures
  Dissolution (Slime:3)
  the Royal Jelly (Slime:5)
  Tiamat (Zot:3)
  Frederick (Vaults:5)
  4 dread liches
  4 ancient liches (Zot:5)
  6 orbs of fire
  Josephina (Depths:3)
  Xtahua (Vaults:2)
  Boris (Vaults:4)
  Parghit (Depths:3)
  6 Killer Klowns
  Saint Roka (Depths:2)
  Margery (Depths:2)
  2 caustic shrikes (Depths:2)
  9 golden dragons
  A pandemonium lord (D:4)
  A bone dragon (Depths:4)
  A Tzitzimitl (D:11)
  A hellephant (Depths:3)
  Rupert (Spider:1)
  Jorgrun (D:12)
  A Brimstone Fiend (D:4)
  3 electric golems
  3 liches
  The ghost of Qeunemit the Warrior, an adept GrFi of Okawaru (Vaults:4)
  23 tentacled monstrosities
  29 Orb Guardians
  An Ice Fiend (D:6)
  6 titans (Vaults:5)
  8 quicksilver dragons
  A walking frostbound tome (Depths:4)
  15 acid blobs
  A deep elf master archer (Elf:3)
  11 sphinxes
  2 deep elf blademasters (Elf:3)
  Polyphemus (Shoals:2)
  10 death cobs
  8 tengu reavers
  Agnes (Spider:1)
  5 shadow dragons
  Aizul (Shoals:2)
  16 storm dragons
  9 azure jellies
  Donald (Spider:1)
  5 draconian knights
  7 draconian monks
  8 rockslimes
  15 fire giants
  8 frost giants
  8 protean progenitors
  5 emperor scorpions (Spider:4)
  6 ghost moths
  Louise (Spider:2)
  8 deep elf sorcerers
  8 draconian shifters
  A balrug (Depths:2)
  4 deep elf elementalists (Elf:3)
  17 vault wardens
  12 draconian scorchers
  4 spectral caustic shrikes (Depths:4)
  3 draconian stormcallers
  11 quicksilver oozes
  25 very ugly things
  6 ironbound thunderhulks
  7 draconian annihilators
  19 ironbound preservers
  A reaper (Depths:1)
  3 formless jellyfish
  4 broodmothers
  9 deep elf demonologists (Elf:3)
  15 stone giants
  16 green draconians
  5 deep elf annihilators
  3 deep elf death magi (Elf:3)
  9 red draconians
  3 demonspawn black suns (Zot:4)
  8 black draconians
  A war gargoyle (Vaults:5)
  9 spark wasps
  7 dire elephants
  13 yellow draconians
  14 purple draconians
  3 minotaurs (Shoals:4)
  11 white draconians
  3 entropy weavers
  2 merfolk javelineers
  12 ettins
  4 merfolk impalers
  10 fire dragons
  A quicksilver dragon zombie (Depths:1)
  4 deep elf high priests
  3 jiangshi (D:15)
  22 yaktaur captains
  An entropy weaver (shapeshifter) (Elf:2)
  5 great orbs of eyes
  3 ice dragons
  30 vault guards
  4 rakshasas
  7 jorogumos
  6 ogre magi
  21 two-headed ogres
  A catoblepas (Shoals:2)
  A radroach (Spider:4)
  11 ironbound frosthearts
  4 hydras
  2 merfolk avatars
  8 centaur warriors
  An alligator snapping turtle (Shoals:1)
  An anaconda (shapeshifter) (Vaults:5)
  4 boulder beetles
  4 merfolk aquamancers
  15 satyrs
  A spriggan air mage (Depths:2)
  10 deep troll earth magi
  13 dancing weapons
  6 death yaks
  3 tengu warriors
  3 deep troll shamans
  6 demonic crawlers
  A vampire mage (Depths:1)
  A death scarab (Spider:4)
  15 spriggans
  A titan zombie (Depths:1)
  An occultist (D:15)
  A spriggan berserker (Depths:2)
  5 sun demons (Depths:2)
  A shock serpent (shapeshifter) (Vaults:5)
  A spark wasp zombie (Depths:1)
  A goliath frog (Zot:5)
  2 death drakes (Zot:5)
  7 iron trolls
  2 pharaoh ants (Spider:2)
  8 deep elf knights
  16 hell knights
  A shadow wraith (Vaults:5)
  2 salamander mystics
  4 skysharks
  A sixfirhy (Depths:1)
  51 deep trolls
  A flayed ghost (Depths:4)
  8 glowing orange brains
  4 arcanists
  12 deep elf archers
  A cherub (Depths:2)
  10 sea snakes
  A glowing orange brain (shapeshifter) (Depths:2)
  A shadow demon (Zot:2)
  A sun moth (Spider:1)
  2 mana vipers (shapeshifter) (Vaults:5)
  13 orb spiders
  8 steelbarb worms
  An obsidian statue (Zot:5)
  A shadow dragon zombie (Depths:1)
  A harpy (shapeshifter) (D:13)
  18 deep elf pyromancers
  4 necromancers
  2 phantasmal warriors
  14 ironbound convokers
  A golden dragon skeleton (Depths:1)
  2 obsidian bats
  8 orc knights
  A sphinx simulacrum (Depths:3)
  19 deep elf zephyrmancers
  A cyclops (shapeshifter) (D:14)
  3 thermic dynamos
  An orc sorcerer (Orc:2)
  22 wolf spiders
  32 harpies
  A glowing shapeshifter (Vaults:5)
  4 shining eyes
  49 ugly things
  An oklob plant (D:11)
  10 manticores
  20 fauns
  A faun (shapeshifter) (Vaults:5)
  9 elephants
  2 kobold blastminers (Orc:2)
  4 cyclopes
  Maurice (D:11)
  13 meliai
  6 merfolk sirens
  25 vault sentinels
  7 salamanders
  16 cane toads
  4 ice statues
  5 black mambas
  A titan simulacrum (Depths:3)
  An eye of devastation (Slime:5)
  A smoke demon (Depths:2)
  25 moths of wrath
  3 water nymphs
  3 torpor snails
  A molten gargoyle (Depths:1)
  A water nymph (shapeshifter) (Depths:4)
  A gargoyle (D:14)
  A rust devil (D:4)
  A torpor snail (shapeshifter) (Vaults:5)
  2 kobold demonologists
  An efreet (D:15)
  3 unseen horrors
  13 komodo dragons
  A freezing wraith (IceCv)
  43 yaktaurs
  Psyche (D:9)
  3 tengu conjurers
  5 rime drakes
  An anaconda simulacrum (IceCv)
  4 polar bears
  20 merfolk
  A red devil (Zot:2)
  2 trolls
  4 wind drakes
  A hellwing (D:4)
  A polar bear (shapeshifter) (D:12)
  A tyrant leech (D:15)
  20 tarantellas
  3 snapping turtles
  11 hornets
  9 blink frogs
  29 jumping spiders
  4 glass eyes
  14 dream sheep
  A frost giant simulacrum (Depths:1)
  16 culicivoras
  An air elemental (Elf:1)
  A culicivora (shapeshifter) (Elf:3)
  3 shadows
  61 slime creatures
  A fire elemental (Elf:1)
  A spriggan skeleton (Depths:1)
  An ettin skeleton (Depths:1)
  36 yaks
  25 water elementals
  2 fire bats (Depths:1)
  3 wyverns
  A basilisk (shapeshifter) (D:13)
  8 humans (Zot:1)
  9 golden eyes (Slime:4)
  3 basilisks
  2 wargs
  36 redbacks
  A chaos spawn (D:4)
  6 vampire mosquitoes
  Menkaure (D:4)
  A death yak simulacrum (IceCv)
  2 swamp worms (D:15)
  16 water moccasins
  A hydra simulacrum (IceCv)
  29 orc warriors
  2 ice beasts (D:8)
  7 ogres
  3 boggarts (Lair:5)
  5 black bears
  21 wolves (Lair:5)
  11 centaurs
  A phantom (D:5)
  8 kobold brigands
  8 bullfrogs
  4 earth elementals
  A cane toad simulacrum (IceCv)
  2 scorpions (D:7)
  A glowing shapeshifter simulacrum (Depths:3)
  8 wights
  4 killer bees (D:8)
  14 howler monkeys
  An electric eel (Lair:3)
  6 hounds
  A bombardier beetle (D:5)
  3 jellies
  11 orc priests
  4 sleepcaps
  2 iguanas
  22 orc wizards
  10 hell rats
  2 polar bear simulacra (IceCv)
  A wolf simulacrum (IceCv)
  3 gnolls (D:7)
  9 adders
  2 white imps
  2 ufetubi (D:7)
  2 ribbon worms
  60 orcs
  4 ball pythons
  9 endoplasms
  2 giant cockroaches (D:1)
  10 goblins
  9 hobgoblins
  37 kobolds
  2 quokkas (D:2)
  7 bats (D:1)
  2 frilled lizards (D:2)
  3 rats
  2 aspiring fleshes
2083 creatures vanquished.

Vanquished Creatures (others)
  2 Orb Guardians (Zot:5)
  A deep elf master archer (Elf:3)
  A draconian monk (Zot:5)
  A draconian scorcher (Zot:4)
  A vault warden (Vaults:4)
  An ironbound thunderhulk (Vaults:2)
  2 fire dragons
  A yaktaur captain (Vaults:5)
  A deep elf high priest (Elf:3)
  A jorogumo (Spider:2)
  A merfolk aquamancer (Shoals:3)
  A sun demon (Depths:2)
  4 deep trolls
  3 harpies
  An arcanist (D:13)
  A lindwurm (Vaults:1)
  2 deep elf zephyrmancers
  An orc sorcerer (Depths:2)
  2 fauns (Shoals:3)
  A wolf spider (Spider:4)
  A cyclops (D:15)
  A komodo dragon (Zot:2)
  3 yaktaurs
  A spark wasp simulacrum (Depths:3)
  A merfolk (Shoals:3)
  A tarantella (Spider:4)
  A jumping spider (Spider:2)
  A water elemental (Depths:4)
  A kobold brigand (D:11)
  An orc (D:9)
  An aspiring flesh (Zot:5)
42 creatures vanquished.

Grand Total: 2125 creatures vanquished

Notes
Turn   | Place    | Note
-------+----------+-------------------------------------------
     0 | D:1      | ragingrage the Vampire Shapeshifter began the quest for the
                  | Orb.
     0 | D:1      | Reached XP level 1. HP: 14/14 MP: 1/1
    49 | D:1      | Reached skill level 1 in Stealth
   215 | D:1      | Reached XP level 2. HP: 20/20 MP: 2/2
   756 | D:2      | Reached skill level 4 in Unarmed Combat
   756 | D:2      | Gained mutation: You are afflicted with vampirism and can
                  | become a bat while bloodless. [Vampire growth]
   756 | D:2      | Reached XP level 3. HP: 24/25 MP: 3/3
  1496 | D:3      | Reached XP level 4. HP: 31/31 MP: 4/4
  1541 | D:3      | You fall into a shaft and drop 3 floors!
  1563 | D:6      | Reached skill level 5 in Unarmed Combat
  1621 | D:6      | Reached XP level 5. HP: 36/36 MP: 5/5
  1652 | D:6      | Reached skill level 6 in Unarmed Combat
  1705 | D:6      | Reached skill level 1 in Fighting
  1720 | D:6      | Reached XP level 6. HP: 32/44 MP: 6/6
  1839 | D:5      | Entered Level 5 of the Dungeon
  1900 | D:6      | Noticed an orc warrior
  1962 | D:5      | Found an iron altar of Okawaru.
  2287 | D:4      | Found Urrinost's Distillery.
  2362 | D:3      | Found a snail-covered altar of Cheibriados.
  2388 | D:3      | Found Ogol's Armour Shoppe.
  2396 | D:3      | Found a blossoming altar of Fedhas.
  3316 | D:4      | Found a sacrificial altar of Ru.
  3329 | D:4      | Became a worshipper of Ru the Awakened
  3472 | D:4      | Noticed Menkaure
  3508 | D:4      | Killed Menkaure
  3509 | D:4      | Reached skill level 7 in Unarmed Combat
  3509 | D:4      | Reached XP level 7. HP: 18/40 MP: 7/7
  3728 | D:4      | Found a shimmering altar of Xom.
  4304 | D:4      | Found a staircase to the Ecumenical Temple.
  4310 | Temple   | Entered the Ecumenical Temple
  4368 | D:5      | Found a hide-covered altar of Uskayaw.
  4452 | D:5      | Found a sparkling altar of Nemelex Xobeh.
  4465 | D:5      | Reached skill level 5 in Shapeshifting
  4613 | D:5      | Reached skill level 8 in Unarmed Combat
  4668 | D:5      | Gained mutation: You cannot train Armour skill. [Ru
                  | sacrifice]
  4668 | D:5      | Reached * piety under Ru
  4947 | D:5      | Reached XP level 8. HP: 36/50 MP: 8/8
  6153 | D:7      | Found a stormy altar of Qazlal.
  6757 | D:7      | Reached XP level 9. HP: 64/64 MP: 9/9
  6788 | D:7      | Reached skill level 9 in Unarmed Combat
  6850 | D:7      | Noticed a troll
  6855 | D:7      | Noticed a manticore
  7016 | D:8      | Found a transporter.
  7053 | D:8      | Noticed a centaur warrior
  7074 | D:8      | Killed a centaur warrior
  7075 | D:8      | Reached skill level 5 in Dodging
  7174 | D:8      | Noticed a two-headed ogre
  7208 | D:8      | Noticed a boulder beetle
  7294 | D:8      | Noticed a death knight
  7294 | D:8      | Found a basalt altar of Yredelemnul.
  7294 | D:8      | Found an ancient bone altar of Kikubaaqudgha.
  7316 | D:8      | Reached skill level 10 in Unarmed Combat
  7405 | D:7      | Reached skill level 10 in Shapeshifting
  7517 | D:8      | Gained mutation: Your cowardice makes you less effective in
                  | combat with threatening foes. [Ru sacrifice]
  7517 | D:8      | Reached ** piety under Ru
  7596 | D:8      | Reached XP level 10. HP: 72/72 MP: 10/10
  7807 | D:8      | Found a transporter.
  7859 | D:8      | Killed a boulder beetle
  7860 | D:8      | Reached skill level 5 in Fighting
  8037 | D:8      | Killed a two-headed ogre
  8038 | D:8      | Reached skill level 11 in Unarmed Combat
  8132 | D:8      | Found a transporter.
  8397 | D:8      | Found a transporter.
  8398 | D:8      | Noticed a toenail golem
  8411 | D:8      | Noticed TwadoKnight's ghost (novice MiFi)
  8412 | D:8      | Found a one-way gate to the infinite horrors of the Abyss.
  8493 | D:9      | Noticed Psyche
  9007 | D:9      | Found a staircase to the Orcish Mines.
  9049 | D:9      | Reached skill level 1 in Evocations
  9151 | D:9      | Found Xubrul's Armour Boutique.
  9240 | D:9      | Killed Psyche
  9247 | D:9      | Reached skill level 12 in Unarmed Combat
  9696 | D:10     | Entered Level 10 of the Dungeon
 10081 | D:10     | Found a shadowy altar of Dithmenos.
 10122 | D:10     | Gained mutation: You are hated by all. [Ru sacrifice]
 10122 | D:10     | Reached *** piety under Ru
 10122 | D:10     | Reached **** piety under Ru
 10538 | D:10     | Reached XP level 11. HP: 79/79 MP: 11/11
 10681 | D:10     | Found a radiant altar of Vehumet.
 10937 | D:10     | Reached skill level 13 in Unarmed Combat
 11120 | D:11     | Identified the ring "Vysmir Nynu" {rElec rC+ EV+5 Int+2}
 11518 | D:11     | Noticed Maurice
 11524 | D:11     | Killed Maurice
 11525 | D:11     | Reached skill level 14 in Unarmed Combat
 11604 | D:11     | Found a staircase to the Lair.
 11604 | D:11     | Noticed an oklob plant
 11734 | D:11     | Noticed a three-headed hydra
 12147 | D:12     | Noticed a two-headed ogre
 12160 | D:12     | Killed a two-headed ogre
 12214 | D:12     | Noticed a boulder beetle
 12227 | D:12     | Killed a boulder beetle
 12331 | D:12     | Noticed a two-headed ogre
 12343 | D:12     | Killed a two-headed ogre
 12426 | D:12     | Noticed Jorgrun
 12455 | D:11     | Noticed a purple ugly thing
 12465 | D:11     | Killed a purple ugly thing
 12789 | D:11     | Killed an oklob plant
 12817 | Lair:1   | Entered Level 1 of the Lair of Beasts
 13058 | Lair:1   | Noticed an oklob plant
 13155 | Lair:1   | Gained mutation: You are slightly weak-willed. (Will-) [Ru
                  | sacrifice]
 13155 | Lair:1   | Reached ***** piety under Ru
 13277 | Lair:1   | Reached XP level 12. HP: 88/88 MP: 12/12
 15037 | Lair:3   | Found a staircase to the Shoals.
 15041 | Lair:3   | Reached skill level 15 in Unarmed Combat
 15214 | Lair:3   | Reached skill level 5 in Stealth
 15217 | Lair:3   | Found a frozen archway.
 15239 | IceCv    | Entered an ice cave
 15645 | IceCv    | Found the +8 frozen axe "Frostbite" {freeze, freezing
                  | cloud, *Noise Fly rC+}
 16195 | Lair:3   | Noticed a death yak
 16195 | Lair:3   | Noticed a death yak
 16195 | Lair:3   | Noticed a death yak
 16460 | Lair:3   | Reached skill level 16 in Unarmed Combat
 16468 | Lair:3   | Killed a death yak
 16468 | Lair:3   | Killed a death yak
 16472 | Lair:3   | Killed a death yak
 16473 | Lair:3   | Reached XP level 13. HP: 89/93 MP: 4/13
 16733 | Lair:3   | Found a hole to the Spider Nest.
 17363 | Lair:4   | Identified the +1 scale mail of Gozag's Regard {rF+ Stlth+}
 17471 | Lair:5   | Entered Level 5 of the Lair of Beasts
 17527 | Lair:5   | Found a staircase to the Slime Pits.
 17782 | Lair:5   | Reached skill level 10 in Stealth
 17807 | Lair:5   | Reached skill level 10 in Dodging
 19042 | Lair:5   | Reached XP level 14. HP: 87/94 MP: 5/14
 19069 | Lair:5   | Identified the amulet "Soenn" {^Fragile rPois rF+++ Regen+}
 19526 | Lair:5   | Found a runed translucent door.
 19527 | Lair:5   | Noticed croobank's ghost (journeyman HuSu)
 19758 | Orc:1    | Entered Level 1 of the Orcish Mines
 19771 | Orc:1    | Found Cuosutt's Assorted Antiques.
 19811 | Orc:1    | Bought a fuming blue potion for 26 gold pieces
 19811 | Orc:1    | Bought a tin of tremorstones (2/2) for 1160 gold pieces
 20091 | Orc:2    | Entered Level 2 of the Orcish Mines
 20091 | Orc:2    | Found a staircase to the Elven Halls.
 20150 | Orc:2    | Paralysed by an orc sorcerer for 2 turns
 20452 | Orc:2    | Reached skill level 17 in Unarmed Combat
 20488 | Orc:2    | Found Lafue's Antique Armour Shoppe.
 20975 | Orc:2    | Found Raprol's General Store.
 20975 | Orc:2    | Found Jautaor's Assorted Antiques.
 20977 | Orc:2    | Found Ejao's Magic Scroll Shop.
 20979 | Orc:2    | Found Agovva's Antique Weapon Emporium.
 20983 | Orc:2    | Bought a potion of might for 48 gold pieces
 20984 | Orc:2    | Bought an emerald potion for 19 gold pieces
 20984 | Orc:2    | Bought a scroll labelled TEOWIT UNOUDGH for 22 gold pieces
 20984 | Orc:2    | Bought a smoky clear potion for 19 gold pieces
 21637 | D:12     | Killed Jorgrun
 21962 | D:13     | Reached skill level 5 in Evocations
 22408 | D:13     | Found a gate to the Vaults.
 22697 | D:14     | Reached skill level 10 in Fighting
 22950 | D:14     | Got Piwkujeh's Precepts of Wispy Distance
 22965 | D:14     | Found a broken altar of Ashenzari.
 23641 | D:15     | Entered Level 15 of the Dungeon
 23941 | D:15     | Reached skill level 1 in Shields
 23952 | D:15     | Reached XP level 15. HP: 76/103 MP: 6/15
 24440 | D:15     | Reached skill level 18 in Unarmed Combat
 24452 | D:15     | Noticed a storm dragon
 24453 | D:15     | Found a staircase to the Depths.
 24462 | D:15     | Killed a storm dragon
 24801 | D:15     | Found a runed translucent door.
 24802 | D:15     | Noticed Iranwisias's ghost (journeyman KoHu)
 25048 | Spider:1 | Entered Level 1 of the Spider Nest
 25056 | Spider:1 | Noticed Rupert
 25072 | Spider:1 | Killed Rupert
 25667 | Spider:1 | Noticed Agnes
 25672 | Spider:1 | Killed Agnes
 25673 | Spider:1 | Reached skill level 1 in Throwing
 26386 | Spider:1 | Noticed Donald
 26399 | Spider:1 | Killed Donald
 26580 | Spider:2 | Gained mutation: You cannot study or cast Earth magic. [Ru
                  | sacrifice]
 26580 | Spider:2 | Gained mutation: You cannot study or cast Alchemy magic.
                  | [Ru sacrifice]
 26580 | Spider:2 | Gained mutation: You cannot study or cast Conjurations
                  | magic. [Ru sacrifice]
 26580 | Spider:2 | Reached ****** piety under Ru
 26582 | Spider:2 | Noticed Louise
 28381 | Spider:2 | Reached skill level 5 in Shields
 28803 | Spider:2 | Reached XP level 16. HP: 75/105 MP: 16/16
 29095 | Spider:2 | Killed Louise
 30563 | Spider:4 | Entered Level 4 of the Spider Nest
 30732 | Spider:4 | Identified a scroll of acquirement
 31828 | Spider:4 | Learned a level 2 spell: Blink
 32831 | Spider:4 | Got a gossamer rune of Zot
 33099 | Elf:1    | Entered Level 1 of the Elven Halls
 33195 | Elf:1    | Reached XP level 17. HP: 116/116 MP: 17/17
 33477 | Elf:1    | Identified the +1 leather armour "Rydixt" {Int+3}
 33952 | Elf:1    | Learned a level 3 spell: Fugue of the Fallen
 34009 | Elf:1    | Reached skill level 15 in Shapeshifting
 34189 | Elf:2    | Found Pioluf's Book Emporium.
 34189 | Elf:2    | Found Dadac's Jewellery Shop.
 34190 | Elf:2    | Found Louphaz's Jewellery Shop.
 34627 | Elf:2    | Found a runed translucent gate.
 34627 | Elf:2    | Found a runed translucent gate.
 34628 | Elf:2    | Found a runed translucent gate.
 34877 | Elf:3    | Entered Level 3 of the Elven Halls
 34926 | Elf:3    | Noticed a Tzitzimitl
 34926 | Elf:3    | Noticed a Brimstone Fiend
 34986 | Elf:3    | Noticed a Tzitzimitl
 35039 | Elf:3    | Found an ancient bone altar of Kikubaaqudgha.
 35104 | Elf:3    | Identified the amulet of Law {rPois RegenMP+ Str+3}
 35533 | Elf:3    | Identified the amulet "Ramelan" {Faith rF+}
 35966 | Orc:2    | Bought the +5 Storm Queen's Shield {shock, Fly rElec} for
                  | 1231 gold pieces
 35966 | Orc:2    | Found the +5 Storm Queen's Shield {shock, Fly rElec}
 36089 | Shoals:1 | Entered Level 1 of the Shoals
 36450 | Shoals:1 | Reached skill level 10 in Shields
 36815 | Shoals:2 | Acquired a manual of Translocations
 36838 | Shoals:2 | Noticed Polyphemus
 36848 | Shoals:2 | Reached skill level 1 in Translocations
 36862 | Shoals:2 | Killed Polyphemus
 37086 | Shoals:2 | Identified the serpent talisman "Etudaf" {Int+3}
 37086 | Shoals:2 | Noticed Aizul
 37098 | Shoals:2 | Killed Aizul
 37569 | Shoals:3 | Reached XP level 18. HP: 140/140 MP: 18/18
 37694 | Shoals:3 | Reached skill level 5 in Translocations
 38520 | Shoals:4 | Entered Level 4 of the Shoals
 38952 | Shoals:4 | Identified the +6 rapier of Jur Keri {speed, Fly Stlth+}
 38958 | Shoals:4 | Got a barnacled rune of Zot
 38990 | Shoals:4 | Reached skill level 1 in Necromancy
 39796 | Depths:1 | Entered Level 1 of the Depths
 39877 | D:15     | Reached skill level 5 in Necromancy
 40096 | Depths:1 | Found a one-way gateway to a ziggurat.
 40134 | Depths:1 | Reached skill level 1 in Spellcasting
 40183 | Depths:1 | Reached XP level 19. HP: 146/146 MP: 21/21
 40481 | Depths:1 | Found a gateway to Hell.
 40536 | Depths:1 | Found a radiant altar of Vehumet.
 40822 | Depths:1 | Found a shimmering blue altar of Sif Muna.
 40940 | Depths:1 | Found a one-way gate leading to the halls of Pandemonium.
 41146 | Vaults:1 | Entered Level 1 of the Vaults
 41205 | Vaults:1 | Found the +18 shield of the Gong {Loud rN+ Will+ rCorr
                  | EV-5}
 41334 | Vaults:1 | Identified the blade talisman "Uleejac" {rPois MP+9 Stlth+}
 41386 | Vaults:1 | Reached skill level 15 in Shields
 41916 | Vaults:1 | Found a transporter.
 41918 | Vaults:1 | Found Uraxuyc's Distillery.
 41939 | Vaults:1 | Found a transporter.
 41947 | Vaults:1 | Bought a potion of berserk rage for 95 gold pieces
 42426 | Vaults:2 | Noticed Xtahua
 42429 | Vaults:2 | Paralysed by Xtahua for 3 turns
 42436 | Vaults:2 | Paralysed by Xtahua for 2 turns
 42440 | Vaults:2 | Killed Xtahua
 43164 | Vaults:3 | Found a transporter.
 43164 | Vaults:3 | Noticed Qeunemit's ghost (adept GrFi)
 43189 | Vaults:3 | Reached XP level 20. HP: 160/160 MP: 21/24
 43445 | Vaults:3 | Reached skill level 15 in Fighting
 43625 | Vaults:3 | Reached skill level 19 in Unarmed Combat
 44124 | Vaults:3 | Found a transporter.
 44168 | Vaults:3 | Found a staircase to the Crypt.
 44380 | Vaults:4 | Identified the +3 robe of Resourcefulness {Rampage Str+2}
 44380 | Vaults:4 | Noticed Boris
 44389 | Vaults:4 | Killed Boris
 44578 | Vaults:4 | Reached skill level 10 in Evocations
 44585 | Vaults:4 | Noticed Qeunemit's ghost (adept GrFi)
 44586 | Vaults:4 | Found a runed translucent door.
 45433 | Vaults:4 | Killed Qeunemit's ghost
 45437 | Vaults:4 | Identified the +6 long sword "Killer Klown's Regret"
                  | {freeze, rC+ Str+6}
 45467 | Vaults:5 | Entered Level 5 of the Vaults
 45692 | Vaults:5 | Noticed a dread lich
 46174 | Elf:3    | Identified the +9 falchion of Defence by Offence {flame,
                  | rPois Int+3}
 46379 | Elf:3    | Reached XP level 21. HP: 77/143 MP: 16/25
 46454 | Elf:3    | Identified the +8 flail of the Lamprey {pain, rCorr Int+3}
 46897 | Orc:2    | Bought the +2 hood of the Assassin {Detect Stab+ Stlth++}
                  | for 1620 gold pieces
 46897 | Orc:2    | Found the +2 hood of the Assassin {Detect Stab+ Stlth++}
 47144 | Depths:2 | Reached skill level 20 in Unarmed Combat
 47180 | Depths:2 | Found a runed translucent gate.
 47180 | Depths:2 | Found a runed translucent gate.
 47180 | Depths:2 | Found a runed translucent gate.
 47397 | Depths:2 | Reached skill level 15 in Dodging
 47474 | Depths:2 | Found a runed translucent gate.
 47474 | Depths:2 | Found a runed translucent gate.
 47476 | Depths:2 | Noticed Lokkir's ghost (veteran GnWn)
 47476 | Depths:2 | Found a runed translucent gate.
 47703 | Depths:2 | Paralysed by an orc sorcerer for 4 turns
 47877 | Depths:2 | Noticed Saint Roka
 47886 | Depths:2 | Noticed a caustic shrike
 47892 | Depths:2 | Noticed a caustic shrike
 48013 | Depths:2 | Killed a caustic shrike
 48015 | Depths:2 | Killed a caustic shrike
 48312 | Depths:2 | Killed Saint Roka
 48381 | Depths:3 | Noticed Parghit
 48382 | Depths:3 | Noticed Margery
 48393 | Depths:2 | Reached skill level 21 in Unarmed Combat
 48425 | Depths:2 | Killed Margery
 48565 | Depths:3 | Killed Parghit
 48569 | Depths:3 | Identified the ring "Qatyeg" {Ice +Blink Str+3 Dex-2
                  | Stlth+}
 48569 | Depths:3 | Noticed Josephina
 48666 | Depths:3 | Killed Josephina
 48731 | Depths:3 | Reached XP level 22. HP: 168/168 MP: 26/26
 48754 | Depths:3 | You are sucked into a shaft and drop 1 floor!
 48754 | Depths:4 | Entered Level 4 of the Depths
 48877 | Depths:4 | Found an iron altar of Okawaru.
 49206 | Depths:4 | Learned a level 4 spell: Vhi's Electric Charge
 49223 | Depths:4 | Found a gate to the Realm of Zot.
 49223 | Depths:4 | Noticed a golden dragon
 49226 | Depths:4 | Killed a golden dragon
 49232 | Depths:4 | Reached skill level 1 in Air Magic
 49308 | Depths:4 | Reached skill level 22 in Unarmed Combat
 49762 | Vaults:5 | Killed a dread lich
 49767 | Vaults:4 | Paralysed by a sphinx for 4 turns
 49834 | Vaults:5 | Noticed a dread lich
 49837 | Vaults:5 | Killed a dread lich
 49864 | Vaults:5 | Reached skill level 5 in Air Magic
 49999 | Vaults:5 | Found the -2 hat of the Alchemist {rElec rPois rF+ rC+ rN+
                  | Will+ rMut rCorr}
 50008 | Vaults:5 | Identified the +1 quick blade of Overwhelming Force {chaos,
                  | rF+ Str+2}
 50090 | Vaults:5 | Identified the orb of Majestic Mirth {*channel, Dex+4}
 50090 | Vaults:5 | Noticed Frederick
 50097 | Vaults:5 | Killed Frederick
 50137 | Vaults:5 | Paralysed by an ogre mage for 3 turns
 50163 | Vaults:5 | Reached skill level 10 in Translocations
 50193 | Vaults:5 | Reached XP level 23. HP: 192/192 MP: 27/27
 50211 | Vaults:5 | Reached skill level 23 in Unarmed Combat
 50359 | Vaults:5 | Reached skill level 24 in Unarmed Combat
 50476 | Vaults:5 | Found Tirogoa's Magic Scroll Shop.
 50493 | Vaults:5 | Found Hagayf's Magic Scroll Boutique.
 50832 | Vaults:5 | Found Appehosh's Book Emporium.
 50841 | Vaults:5 | Found Saffutao's Distillery.
 50845 | Vaults:5 | Got a silver rune of Zot
 50846 | Vaults:5 | Found Pemown's Jewellery Shoppe.
 50850 | Vaults:5 | Bought a potion of heal wounds for 55 gold pieces
 50850 | Vaults:5 | Bought a potion of heal wounds for 55 gold pieces
 50911 | Vaults:5 | Found Kyfunk's Antique Weapon Shop.
 51113 | Vaults:5 | Found Curoafao's Magic Scroll Boutique.
 51126 | Vaults:5 | Found Qaufuczan's Distillery.
 51131 | Vaults:5 | Bought a potion of heal wounds for 90 gold pieces
 51131 | Vaults:5 | Bought a potion of heal wounds for 90 gold pieces
 51131 | Vaults:5 | Bought 2 potions of heal wounds for 180 gold pieces
 51486 | Slime:1  | Entered Level 1 of the Pits of Slime
 51489 | Slime:1  | Gained mutation: You are vulnerable to cold. (rC-) [a
                  | shining eye]
 51493 | Lair:5   | Lost mutation: You are vulnerable to cold. (rC-) [potion of
                  | mutation]
 51493 | Lair:5   | Gained mutation: Your body sometimes deteriorates upon
                  | taking damage. [potion of mutation]
 51493 | Lair:5   | Gained mutation: You are partially covered in iridescent
                  | scales. (AC +2) [potion of mutation]
 51493 | Lair:5   | Gained mutation: You expend magic power (3 MP) to
                  | strengthen your wands. [potion of mutation]
 51495 | Slime:1  | Gained mutation: You sometimes lose your temper in combat.
                  | [a shining eye]
 51821 | Slime:2  | You fall into a shaft and drop 1 floor!
 51974 | Slime:4  | Gained mutation: You have hidden genetic defects. [a
                  | shining eye]
 51999 | Slime:4  | Lost mutation: You sometimes lose your temper in combat.
                  | [potion of mutation]
 51999 | Slime:4  | Lost mutation: Your body sometimes deteriorates upon taking
                  | damage. [potion of mutation]
 51999 | Slime:4  | Lost mutation: You expend magic power (3 MP) to strengthen
                  | your wands. [potion of mutation]
 51999 | Slime:4  | Gained mutation: Your magical capacity is low. (-10% MP)
                  | [potion of mutation]
 52001 | Slime:4  | Lost mutation: Your magical capacity is low. (-10% MP)
                  | [potion of mutation]
 52001 | Slime:4  | Lost mutation: You are partially covered in iridescent
                  | scales. (AC +2) [potion of mutation]
 52001 | Slime:4  | Lost mutation: You have hidden genetic defects. [potion of
                  | mutation]
 52001 | Slime:4  | Gained mutation: Your mind is acute. (Int +4, Str/Dex -1)
                  | [potion of mutation]
 52001 | Slime:4  | Gained mutation: Your body sometimes deteriorates upon
                  | taking damage. [potion of mutation]
 52124 | Slime:5  | Entered Level 5 of the Pits of Slime
 52916 | Slime:3  | Noticed Dissolution
 52916 | Slime:3  | Gained mutation: Your body often deteriorates upon taking
                  | damage. [a shining eye]
 52930 | Slime:3  | Killed Dissolution
 53430 | Slime:5  | Found the +5 robe of Night {Dark Will+ SInv}
 54257 | Slime:5  | Noticed the Royal Jelly
 54260 | Slime:5  | Killed the Royal Jelly
 54383 | Slime:5  | Identified the +7 spear of the Several Curses {holy, rPois
                  | Int+3}
 54384 | Slime:5  | Identified the +0 plate armour of Starshine {rN+ Str-3
                  | Int+2 Dex+2}
 54386 | Slime:5  | Got a slimy rune of Zot
 54387 | Slime:5  | Identified the +8 great sword "Vyuhivo" {protect, *Rage
                  | rElec rN++ Int+2}
 54388 | Slime:5  | Identified the ring "Goppai" {Wiz rElec Str+2}
 54408 | Slime:5  | Identified the +0 chain mail "Tigib" {rElec}
 54417 | Slime:5  | Identified the +6 quarterstaff "Kollaytu" {pain, +Blink rC+
                  | Dex+3}
 54418 | Slime:5  | Identified the +11 glaive of the Extremes {vamp, Fly Str+6}
 54447 | Slime:5  | Identified the +5 chain mail of the Tired Loafs {Will+
                  | Int+5}
 54456 | Slime:5  | Identified the staff of Triumph {rPois rF+ rN+ Dex+3
                  | Alchemy}
 54888 | Zot:1    | Entered Level 1 of the Realm of Zot
 55029 | Zot:1    | Noticed a Killer Klown
 55085 | Zot:1    | Reached skill level 15 in Stealth
 55104 | Zot:1    | Reached skill level 25 in Unarmed Combat
 55363 | Zot:1    | Reached XP level 24. HP: 200/200 MP: 29/29
 55759 | Zot:1    | Noticed a Killer Klown
 55760 | Zot:1    | Noticed a Killer Klown
 55780 | Zot:1    | Killed a Killer Klown
 55787 | Zot:1    | Killed a Killer Klown
 55792 | Zot:1    | Killed a Killer Klown
 56837 | Zot:3    | Identified the ring "Kutsecan" {rN+ Str+3 Int+6 SInv}
 56983 | Zot:3    | Noticed an orb of fire
 56985 | Zot:3    | Killed an orb of fire
 57073 | Zot:3    | Reached skill level 26 in Unarmed Combat
 57471 | Zot:4    | Found the +4 dragonskin cloak {Aegis}
 57471 | Zot:4    | Noticed Tiamat
 57608 | Zot:3    | Killed Tiamat
 57659 | Zot:3    | Reached skill level 27 in Unarmed Combat
 57662 | Zot:3    | Learned a level 2 spell: Lesser Beckoning
 57756 | Zot:3    | Learned a level 7 spell: Manifold Assault
 57915 | Zot:4    | Reached XP level 25. HP: 184/187 MP: 29/29
 58314 | Zot:4    | Noticed an orb of fire
 58322 | Zot:4    | Killed an orb of fire
 58516 | Zot:5    | Entered Level 5 of the Realm of Zot
 59270 | Zot:5    | Noticed an ancient lich
 59273 | Zot:5    | Noticed a Killer Klown
 59278 | Zot:5    | Noticed an ancient lich
 59285 | Zot:5    | Noticed an orb of fire
 59287 | Zot:5    | Killed an ancient lich
 59288 | Zot:5    | Killed an ancient lich
 59289 | Zot:5    | Reached skill level 10 in Necromancy
 59297 | Zot:5    | Noticed an orb of fire
 59297 | Zot:5    | Gained mutation: You have large cloven feet. [an orb of
                  | fire]
 59298 | Zot:5    | Killed a Killer Klown
 59298 | Zot:5    | Gained mutation: Your muscles are strong. (Str +4, Int/Dex
                  | -1) [an orb of fire]
 59302 | Zot:5    | Killed an orb of fire
 59313 | Zot:5    | Noticed a Killer Klown
 59314 | Zot:5    | Gained mutation: You occasionally shout uncontrollably at
                  | your foes. [an orb of fire]
 59317 | Zot:5    | Gained mutation: Your spells are a little easier to cast,
                  | but a little less powerful. [an orb of fire]
 59323 | Zot:5    | Killed an orb of fire
 59331 | Zot:5    | Killed a Killer Klown
 59640 | Zot:5    | Noticed an orb of fire
 59649 | Zot:5    | Killed an orb of fire
 59772 | Zot:5    | Noticed an ancient lich
 59775 | Zot:5    | Noticed an ancient lich
 59785 | Zot:5    | Killed an ancient lich
 59788 | Zot:5    | Noticed a dread lich
 59793 | Zot:5    | Killed an ancient lich
 59797 | Zot:5    | Killed a dread lich
 59978 | Zot:5    | Noticed a dread lich
 59989 | Zot:5    | Paralysed by a dread lich for 3 turns
 59996 | Zot:5    | Killed a dread lich
 60015 | Zot:5    | Noticed a Killer Klown
 60017 | Zot:5    | Noticed an orb of fire
 60024 | Zot:5    | Killed an orb of fire
 60025 | Zot:5    | Reached XP level 26. HP: 204/204 MP: 16/29
 60285 | Zot:5    | Got the Orb of Zot
 60772 | D:4      | Noticed Axoitted the pandemonium lord
 60778 | D:4      | Killed Axoitted the pandemonium lord
 60851 | D:$      | Escaped with the Orb!

Illustrated notes

Levels and vault maps discovered:
D:1:      evilmike_arrival_plus, layout_basic, chequers_serial_rivers_micro_c,
          minmay_pentomino_u2
D:2:      layout_rooms, lexackson_kobold_supper
D:3:      layout_rooms, overflow_temple_1_default, fedhas_altar_1, serial_shops,
          shop, guppyfry_early_orc_mine
D:4:      nicolae_BIG_FREAKIN_CUBE, layout_layer_cave, amcnicky_altar_gilded,
          nicolae_ru_sacrificial_ziggurat, minmay_temple_entry_fiery,
          minivault_27, nicolae_zen_rock_garden, nicolae_take_the_stairs,
          uniq_menkaure
D:5:      layout_loops_ring, mainiacjoe_overflow_concentric_impassable,
          lemuel_doored_altar, mainiacjoe_overflow_tiny_flanked
D:6:      kennysheep_kobold_camp, layout_cave_pools, zin_treasury
D:7:      layout_rooms, nicolae_overflow_crystal_walls, minmay_shattered_shrine
D:8:      layout_basic, gammafunk_temple_of_torment,
          gammafunk_ghost_abyssal_escape, minivault_21, nicolae_doodle_vault
D:9:      layout_long_grid, orc_0_dummy, serial_shops, shop, uniq_psyche
D:10:     layout_basic, mainiacjoe_overflow_boulevard,
          mainiacjoe_overflow_alcove_4
D:11:     layout_basic, dpeg_oklobed_lair, hangedman_ranch, uniq_maurice
D:12:     layout_basic, minmay_microvault, uniq_jorgrun
D:13:     layout_stronghold, david_vaults_1
D:14:     layout_roguey, evilmike_ruin_ashenzari
D:15:     hellmonk_depths_entry_around_the_bend, layout_loops_ring,
          ebering_ghost_reflecting_pool, worms_lemuel
Temple:   nicolae_temple_ecumenical_triangle
Lair:1:   layout_cave_pods, chequers_serial_rivers_large_a
Lair:2:   layout_cave_pods, hibernation_bobbens, infiniplex_staircase_pool
Lair:3:   nzn_winding_woodlands_medium [nzn_winding_woodlands_5x5_open_star,
          nzn_winding_woodlands_5x15_pockets,
          nzn_winding_woodlands_5x5_checkerboard,
          nzn_winding_woodlands_5x5_closed_star,
          nzn_winding_woodlands_center_triple_pond,
          nzn_winding_woodlands_5x5_perimeter,
          nzn_winding_woodlands_5x5_default, nzn_winding_woodlands_5x15_parted,
          nzn_winding_woodlands_5x5_default], layout_gridlike,
          elwin_shoals_entry_rocks, nicolae_spider_entry_orb_guardian,
          portal_ice_cave_rime
Lair:4:   layout_roguey, infiniplex_staircase_pool_2, serial_bayou_shore_b
Lair:5:   minmay_lair_end_enchanted_forest, layout_cave_pods,
          minmay_slime_entry_pillars, ebering_ghost_inner_flame,
          grunt_megastairs_5, lemuel_fruit_fields
Shoals:1: layout_shoals, dpeg_stationary_puzzle
Shoals:2: layout_shoals, uniq_polyphemus, uniq_aizul
Shoals:3: layout_shoals, nzn_prometheus_bound
Shoals:4: shoals_end_hellmonk_lost_city
Spider:1: layout_chambers, uniq_agnes, uniq_rupert, uniq_donald
Spider:2: layout_chambers, nicolae_spider_world_wide_web, uniq_louise
Spider:3: layout_spider_delve
Spider:4: grunt_spider_rune_circles
Slime:1:  nicolae_slime_jelly_donut, layout_caves
Slime:2:  cheibrodos_slime_lost_civilization_3, layout_caves,
          cheibrodos_slime_lost_civilization_4
Slime:3:  layout_caves, uniq_dissolution
Slime:4:  layout_caves
Slime:5:  slime_pit_nicolae_jellycorners
Orc:1:    layout_caves, serial_shops, shop
Orc:2:    st_orc_rangers, layout_diamond_mine, serial_shops,
          nicolae_shop_window_shopping
Elf:1:    nicolae_elf_arrival_fired_up, layout_loops_ring,
          kennysheep_underground_church, minmay_librarian
Elf:2:    nicolae_elf_blades_splatter_lattice
          [nicolae_blade_entry_crossed_weapons], layout_geoelf_octagon,
          minmay_shop_grove
Elf:3:    elf_hall_gauntlet_narrow, layout_loops_cross, basic_altar
Vaults:1: hangedman_vaults_variations, nicolae_vaults_circle_grid_b,
          nicolae_vaults_apartment_2, ontoclasm_vaults_gateway,
          ontoclasm_vaults_hangar, nicolae_vaults_diamond_1,
          nicolae_vaults_minivaults, vaults_room_pools, v_misc_15,
          nicolae_vaults_double_plus_1, nicolae_vaults_trapezoid_lopsided_1,
          layout_vaults_maze_bifur, serial_shops, nicolae_shop_drivethru
Vaults:2: ontoclasm_vaults_chip, vaults_dpeg_emergency_exit,
          ontoclasm_vaults_spin, nicolae_vaults_closet_pinwheel_1,
          nicolae_vaults_quadrants, layout_vaults_omnigrid, uniq_xtahua
Vaults:3: gammafunk_ghost_mausoleum, nicolae_vaults_weapon_check,
          vaults_room_boxed, nicolae_vaults_ring_of_whatevers,
          nicolae_vaults_house_2, vaults_mumra_hexcomb,
          nicolae_vaults_storage_room_water, hangedman_vaults_trim,
          nicolae_vaults_six-pack, ontoclasm_vaults_chip, layout_vaults_big_room
Vaults:4: gammafunk_ghost_grave, nicolae_vaults_lightning_bolt,
          nicolae_vaults_tetromino_Z_2, ontoclasm_vaults_misaligned,
          vaults_room_door_hall, nicolae_vaults_sesquioval_fish,
          vaults_dpeg_cross, st_smaller_cells, v_pattern_5,
          nicolae_vaults_diamond_1, nicolae_vaults_sightless_eye,
          nicolae_vaults_little_squares_1, nicolae_vaults_layer_cake_slice,
          layout_vaults_ring, uniq_boris
Vaults:5: uniq_frederick
Depths:1: layout_basic, enter_ziggurat_a, hell_entry, rand_demon_pan_entry_1,
          vehumet_crystals, corner_web_ring, hangedman_decor_peaks_small,
          nicolae_lava_and_water, minmay_misc_feat_diagonals,
          chequers_serial_rivers_small_a, drop_trap,
          hangedman_decor_diamond_cutter, roderic_serpentine_path, led_sif_pool
Depths:2: minmay_containers, layout_gridville, hellmouth_1,
          hangedman_abyss_entry_splay, rand_demon_pan_entry_3,
          ploomutoo_gammafunk_ghost_potion_laboratory, uniq_saint_roka
Depths:3: wad_pebble_path, layout_cave_pools, pf_coc_iceberg,
          hangedman_decor_opposing, abyss_entry, gammafunk_ghost_grave,
          hangedman_cracks_in_the_wall, uniq_margery, uniq_josephina,
          uniq_parghit
Depths:4: grunt_x_marks_the_spot, layout_cave_pools, pf_hell_entry_tar_river,
          okawaru_trees_2, kilobyte_mutagenic_chamber
Zot:1:    circus_mu, layout_basic, regret_index_zotdec_carving_tricks
Zot:2:    layout_basic, regret_index_zotdec_plus
Zot:3:    layout_misc_corridors, hangedman_snake_sidewinding
Zot:4:    dreamdust_black_sun_cult, layout_gridville, uniq_tiamat
Zot:5:    layout_misc_corridors

Skill      XL: |  1  2  3  4  5  6  7  8  9 10 11 12 13 14 15 16 17 18 19 20 21 22 23 24 25 26 |
---------------+-------------------------------------------------------------------------------+-----
Stealth        | 1 3 4 8 10 11 13 15 16 17 | 17.8
Unarmed Combat | 4 5 6 7 8 10 12 14 16 17 18 19 21 22 25 27 | 27.0
Fighting       | 1 2 3 4 5 6 7 8 10 12 14 15 17 18 19 20 | 20.0
Shapeshifting  | 4 6 7 10 11 12 13 14 16 | 16.0
Dodging        | 4 5 6 9 10 12 13 14 15 18 | 18.8
Evocations     | 4 6 9 10 12 14 | 14.0
Shields        | 1 5 7 10 14 15 16 18 | 18.0
Throwing       | 2 |  2.0
Translocations | 3 6 10 | 10.0
Necromancy     | 6 8 10 | 10.0
Spellcasting   | 1 3 4 |  4.0
Air Magic      | 6 7 8 |  8.0

Action                     |  1- 3 |  4- 6 |  7- 9 | 10-12 | 13-15 | 16-18 | 19-21 | 22-24 | 25-27 || total
---------------------------+-------+-------+-------+-------+-------+-------+-------+-------+-------++-------
  Melee: Unarmed           |   110 |   174 |   380 |   613 |   998 |  1238 |  1146 |  1227 |   401 ||  6287
         Punch             |     2 |     5 |    10 |    50 |    57 |       |     6 |       |       ||   130
         Bite              |     6 |    21 |    50 |    93 |   141 |   194 |   202 |   225 |    65 ||   997
         Maw               |       |       |       |   200 |   375 |   202 |       |       |       ||   777
         Kick              |       |       |       |       |       |       |       |       |    75 ||    75
   Fire: Sling             |     2 |       |       |       |       |       |       |       |       ||     2
  Throw: Dart              |       |       |    10 |    56 |    60 |    31 |     1 |       |       ||   158
         Throwing net      |       |       |       |     1 |     3 |       |       |       |       ||     4
   Cast: Fugue of the Fall |       |       |       |       |       |     2 |    24 |    21 |     4 ||    51
         Blink             |       |       |       |       |       |     1 |       |       |       ||     1
         Vhi's Electric Ch |       |       |       |       |       |       |       |    11 |    13 ||    24
 Invoke: Sacrifice Durabil |       |       |     1 |       |       |       |       |       |       ||     1
         Sacrifice Courage |       |       |     1 |       |       |       |       |       |       ||     1
         Sacrifice Love    |       |       |       |     1 |       |       |       |       |       ||     1
         Sacrifice Essence |       |       |       |     1 |       |       |       |       |       ||     1
         Apocalypse        |       |       |       |     2 |    13 |    15 |    10 |    12 |     5 ||    57
         Reject Sacrifices |       |       |       |     1 |     1 |       |       |       |       ||     2
         Power Leap        |       |       |       |       |     2 |     3 |     2 |       |       ||     7
         Sacrifice Arcana  |       |       |       |       |     1 |       |       |       |       ||     1
Ability: Exsanguinate      |       |     1 |       |       |       |     1 |       |       |       ||     2
         Revivify          |       |       |     1 |       |       |       |       |       |       ||     1
         Begin Untransform |       |       |       |     1 |       |       |       |       |       ||     1
  Evoke: Wand              |       |     3 |     5 |     7 |    11 |     5 |     7 |     1 |     6 ||    45
         Lightning rod     |       |       |       |       |     4 |       |     2 |       |     1 ||     7
         Tin of tremorston |       |       |       |       |       |     1 |     4 |     3 |     2 ||    10
         Phial of floods   |       |       |       |       |       |       |       |     1 |       ||     1
    Use: Potion            |       |     1 |     1 |     1 |     1 |     2 |     1 |     4 |     3 ||    14
         Scroll            |       |     4 |     5 |     7 |     9 |    12 |     2 |     4 |     2 ||    45
   Stab: Sleeping          |     5 |     3 |     4 |     6 |    16 |    21 |    28 |    10 |     1 ||    94
         Invisible         |       |       |     2 |     3 |     4 |     8 |     7 |     4 |     4 ||    32
         Paralysed         |       |       |     6 |    20 |     9 |    13 |    13 |    15 |     9 ||    85
         Held in net/web   |       |       |       |     1 |       |       |       |       |       ||     1
         Distracted        |       |       |       |     2 |    12 |    12 |    12 |    10 |     4 ||    52
         Confused          |       |       |       |       |     1 |       |     1 |       |       ||     2
         Petrifying        |       |       |       |       |       |     1 |       |       |       ||     1
         Petrified         |       |       |       |       |       |     1 |       |       |       ||     1
 Armour: Animal skin       |    18 |       |       |       |       |       |       |       |       ||    18
         Ring mail         |    39 |   112 |    73 |       |       |       |       |       |       ||   224
         Robe              |     2 |       |     2 |    11 |       |       |       |       |       ||    15
         Skin              |       |    16 |    86 |   194 |   407 |   528 |   504 |   574 |   200 ||  2509
  Dodge: Dodged            |    63 |    81 |   218 |   255 |   744 |  1167 |   894 |   891 |   246 ||  4559
  Block: Other             |       |       |    25 |    89 |    53 |       |       |       |       ||   167
         Reflection        |       |       |       |     3 |       |       |       |       |       ||     3
         Buckler           |       |       |       |       |    57 |   170 |       |       |       ||   227
         Kite shield       |       |       |       |       |       |   637 |  1154 |  1381 |   328 ||  3500
         Form:             |       |     1 |       |       |       |       |       |       |       ||     1
         Flux              |       |       |     1 |     1 |       |       |       |       |       ||     2
         Blade             |       |       |     2 |       |       |       |       |       |       ||     2
         Maw               |       |       |     1 |     2 |       |       |       |       |       ||     3
         Statue            |       |       |       |       |       |     1 |       |       |       ||     1

Table legend: (Time is in decaauts)
 A = Elapsed time spent in this place.
 B = Non-inter-level travel time spent in this place.
 C = Inter-level travel time spent in this place.
 D = Time resting spent in this place.
 E = Time spent auto-exploring this place.
 F = Levels seen in this place.
 G = Mean time per level.
                   A        B        C        D        E       F      G
               +--------+--------+--------+--------+--------+-----+--------+
         Total |  71881 |  64149 |   7732 |  10672 |  36619 |  54 | 1331.1 |
       Dungeon |  18364 |  15327 |   3037 |   2759 |   8863 |  15 | 1224.3 |
        Temple |      1 |      1 |      0 |      0 |      0 |   1 |    1.0 |
          Lair |   6954 |   6104 |    850 |   1002 |   3606 |   5 | 1390.8 |
        Shoals |   5168 |   4920 |    248 |    247 |   3273 |   4 | 1292.0 |
   Spider Nest |   7742 |   7416 |    326 |   2756 |   2970 |   4 | 1935.5 |
    Slime Pits |   4554 |   4140 |    414 |    658 |   2695 |   5 |  910.8 |
  Orcish Mines |   1723 |   1506 |    217 |    330 |    739 |   2 |  861.5 |
   Elven Halls |   4595 |   4031 |    564 |    483 |   2382 |   3 | 1531.7 |
        Vaults |   9262 |   8311 |    951 |    601 |   5594 |   5 | 1852.4 |
        Depths |   5308 |   4585 |    723 |    235 |   2598 |   4 | 1327.0 |
           Zot |   7771 |   7372 |    399 |   1389 |   3896 |   5 | 1554.2 |
      Ice Cave |    435 |    435 |      0 |    208 |      0 |   1 |  435.0 |
               +--------+--------+--------+--------+--------+-----+--------+

Top non-repeatable levels by time:
Spider:2: 2868 daAuts
   Elf:3: 2560 daAuts
   Zot:5: 2467 daAuts
Vaults:4: 2431 daAuts
    D:11: 2086 daAuts
Vaults:5: 1952 daAuts
Depths:1: 1943 daAuts
Spider:4: 1925 daAuts
Depths:2: 1921 daAuts
Vaults:2: 1778 daAuts
    D:15: 1747 daAuts
  Lair:5: 1694 daAuts
Vaults:3: 1673 daAuts
Spider:1: 1665 daAuts
 Slime:5: 1633 daAuts
